 Dungeon Crawl Stone Soup version 0.18-a0-1637-g109f206 (webtiles) character file.

150200 Ebgish the Nimble (level 17, -3/130 HPs)
             Began as a Merfolk Ice Elementalist on Mar 26, 2016.
             Was the Champion of Vehumet.
             Slain by a flying skull (11 damage)
             ... while paralysed by accursed screaming
             ... on level 2 of the Abyss.
             The game lasted 06:46:13 (34066 turns).

Ebgish the Nimble (Merfolk Ice Elementalist)       Turns: 34066, Time: 06:46:14

Health: -3/130     AC:  8    Str:  9    XL:     17   Next: 53%
Magic:  34/34      EV:  2    Int: 19    God:    Vehumet [******]
Gold:   2119       SH:  0    Dex: 16    Spells: 10 memorised, 3 levels left

rFire  . . .     SeeInvis .     a - +8 trident of the Octopus King {venom, rElec rPois MR+}
rCold  + + .     Gourm    .     d - +0 troll leather armour
rNeg   . . .     Faith    .     m - +1 buckler
rPois  +         Spirit   .     u - +0 helmet
rElec  +         Dismiss  .     g - +0 cloak
rCorr  .         Reflect  .     M - +0 pair of gloves
SustAt .         Harm     .     A - +0 pair of boots
MR     ++...                    P - amulet of magic regeneration
Stlth  ++........               V - ring of protection from cold
                                H - ring of protection from cold

@: paralysed, about to teleport, very resistant to hostile enchantments,
unstealthy
A: change form in water, swift swim, deformed body
a: Renounce Religion


You were on level 2 of the Abyss.
You worshipped Vehumet.
Vehumet was exalted by your worship.
You were very full.

You visited 5 branches of the dungeon, and saw 30 of its levels.
You visited the Abyss 1 time.
You also visited: Labyrinth and Volcano.

You collected 3139 gold pieces.
You spent 1020 gold pieces at shops.

Inventory:

Hand Weapons
 a - the +8 trident of the Octopus King (weapon) {venom, rElec rPois MR+}
   (You bought it in a shop on level 6 of the Dungeon)

   It poisons the flesh of those it strikes.
   It insulates you from electricity.
   It protects you from poison.
   It affects your resistance to hostile enchantments.
 y - the +5 trident of Gozag's Outrage {pierce, rF+ MR++ Str+2 Dex+2}
   (You found it on level 8 of the Lair of Beasts)

   It inflicts extra damage upon your enemies.
   It affects your strength (+2).
   It affects your dexterity (+2).
   It protects you from fire.
   It affects your resistance to hostile enchantments.
 X - a +0 blowgun
Missiles
 v - 21 curare-tipped needles
Armour
 d - a +0 troll leather armour (worn)
 g - a +0 cloak (worn)
 k - a swamp dragon hide
 m - a +1 buckler (worn)
 u - a +0 helmet (worn)
 z - a +2 leather armour of magic resistance
 A - a +0 pair of boots (worn)
 M - a +0 pair of gloves (worn)
 U - a +2 ring mail of fire resistance
Rods
 f - a +1 rod of inaccuracy (13/13)
   (You found it on level 2 of the Swamp)
Jewellery
 q - a +5 ring of dexterity
 H - a ring of protection from cold (left hand)
 J - an uncursed ring of protection from fire
 L - an uncursed ring of see invisible
 P - an amulet of magic regeneration (around neck)
 T - the amulet of the Air {Inacc +Fly rElec EV+5 RMsl}
   (You found it in a labyrinth)

   [amulet of inaccuracy]

   It reduces the accuracy of all your attacks.
   It affects your evasion (+5).
   It insulates you from electricity.
   It lets you fly.
   It protects you from missiles.
 V - a ring of protection from cold (right hand)
 W - an uncursed ring of positive energy
 Y - an uncursed ring of magical power
Wands
 s - a wand of digging (13/24)
 w - a wand of acid (6/15)
 F - a wand of disintegration (8/24)
Scrolls
 b - 10 scrolls of identify
 h - a scroll of magic mapping
 n - 5 scrolls of recharging
 o - 6 scrolls of teleportation
 t - 2 scrolls of silence
 C - a scroll of enchant armour
 E - 2 scrolls of fog
 I - 2 scrolls of fear
 O - a scroll of blinking
 Q - 11 scrolls of remove curse
Potions
 e - 3 potions of brilliance
 j - a potion of invisibility
 p - a potion of haste
 r - 10 potions of curing
 G - 2 potions of flight
 K - a potion of heal wounds
 S - 2 potions of resistance
Books
 i - a book of Party Tricks

   Spells                             Type                      Level
   a - Summon Butterflies             Summoning                    1
   b - Apportation                    Translocation                1
   c - Tukima's Dance                 Hexes                        3
   d - Alistair's Intoxication        Transmutation/Poison         5
   e - Invisibility                   Hexes                        6
Comestibles
 c - 14 bread rations
 x - 9 royal jellies


   Skills:
 * Level 10.8 Fighting
 + Level 11.2 Polearms
 * Level 7.8 Armour
 * Level 14.8 Dodging
 - Level 2.1 Stealth
 + Level 4.4 Shields
 * Level 13.1 Spellcasting
 * Level 9.0 Conjurations
 + Level 5.3 Charms
 + Level 2.8 Summonings
 + Level 3.5 Translocations
 * Level 14.1 Ice Magic
 * Level 6.1 Air Magic
 + Level 1.2 Evocations


You had 3 spell levels left.
You knew the following spells:

 Your Spells              Type           Power        Failure   Level  Hunger
a - Freeze                Ice            ####         1%          1    None
b - Ozocubu's Armour      Chrm/Ice       #####...     1%          3    None
c - Throw Icicle          Conj/Ice       ######..     1%          4    #......
d - Blink                 Tloc           N/A          2%          2    None
e - Repel Missiles        Chrm/Air       ####..       1%          2    None
f - Bolt of Cold          Conj/Ice       ######....   3%          6    ######.
g - Summon Ice Beast      Ice/Summ       #####...     2%          4    #......
h - Irradiate             Conj/Trmt      ####......   10%         5    ####...
i - Freezing Cloud        Conj/Ice/Air   #####.....   5%          6    ######.
j - Ozocubu's Refrigerat  Ice            ######....   1%          6    ######.


Dungeon Overview and Level Annotations

Branches:
Dungeon (15/15)            Temple (1/1) D:6            Lair (8/8) D:11
  Swamp (4/4) Lair:4       Spider (0/4) Lair:6        Slime (0/6) Lair:8
    Orc (2/2) D:11            Elf (0/3) Orc:2        Vaults (0/5) D:13
 Depths (0/5) D:15

Altars:
Cheibriados
Dithmenos
Elyvilon
Fedhas
Gozag
Kikubaaqudgha
Makhleb
Nemelex Xobeh
Okawaru
Qazlal
Ru
Sif Muna
Trog
Vehumet
Xom
Yredelemnul
Zin
The Shining One
Jiyva

Shops:
D:6 (   D:11 }   D:14 }   Orc:1 }   Orc:2 *[%%

Portals:
Trove: D:13 (lose all piety)

Annotations:
D:2 Ijyb, Robin
D:3 donomii's ghost, amateur DsAK
D:4 1 runed door
D:6 Grinder
Lair:6 Oddball22's ghost, journeyman DsMo
Swamp:2 exclusion: Roxanne, Roxanne
Swamp:4 Louise


Innate Abilities, Weirdness & Mutations

You revert to your normal form in water.
You are very nimble and swift while swimming.
[Armour fits poorly on your strangely shaped body.]


Message History

The lich mumbles some strange words.
Found a robe.
Drink which item? (? for menu, Esc to quit)
You feel much better.
The flying skull gives a hideous shriek!
A tentacle flies out from the starspawn's body!
A starspawn tentacle comes into view.
A deafening chorus of shrieks assaults your mind!
* * * LOW HITPOINT WARNING * * *
A starcursed mass splits.
A freezing wraith comes into view.
A starcursed mass splits.
The flying skull barely misses you.
Tentacles burst from the starspawn's body! 2 starspawn tentacles come into view.
A cacophony of accursed wailing tears at your sanity!
* * * LOW HITPOINT WARNING * * *
You suddenly lose the ability to move!
The flying skull hits you!
You die...

#..... ..... .##
###..../..>....w.#
#...../.LXw...w. #
##....│.XX1.......#
#..[..w.X........ #
###...#..XXX..##X#
...###...zXX.#. ....#
#......zzz.#..#.....#
......#@#.#.##...###.
#.#..#..#.. .#.... .
...##..#..#.## #. .
.... #.......## .#
#.. .##.#### # ## ..
.# ..


You could see 8 starcursed masses, a Brimstone Fiend, a tentacled starspawn, a
lich, 2 starspawn tentacles and 4 flying skulls.

Vanquished Creatures
  Frances (D:13)
  2 thorn hunters (Swamp:3)
  A very ugly thing (Swamp:3)
  A dire elephant (Lair:8)
  An ettin (D:15)
  14 hydras
  3 ghost crabs
  An anaconda (Swamp:3)
  3 catoblepae
  A centaur warrior (D:13)
  11 alligators
  A tengu warrior (D:15)
  A deep troll shaman (Lair:8)
  5 orc high priests (Orc:2)
  26 death yaks
  4 iron golems (D:13)
  Sonja (Orc:2)
  A wretched star (Abyss:2)
  4 wizards
  2 unseen horrors (Lab)
  2 shambling mangroves (Swamp:1)
  A deep troll (D:15)
  4 spriggan druids
  A deep elf archer (D:15)
  4 swamp dragons
  10 orc knights
  9 hill giants
  2 manticores
  A hornet (Swamp:2)
  3 orc sorcerers
  2 ugly things
  A wolf spider zombie (D:13)
  A cyclops (D:14)
  A deep elf mage (D:15)
  7 elephants
  A sixfirhy (Abyss:2)
  4 torpor snails
  26 spiny frogs
  Psyche (D:9)
  8 black mambas
  2 rime drakes
  A gargoyle (Lab)
  9 komodo dragons
  A tengu conjurer (D:15)
  2 polar bears
  A queen bee (D:12)
  7 trolls
  5 giant leeches
  14 bog bodies
  29 blink frogs
  A minotaur skeleton (Lab)
  2 two-headed ogres
  13 slime creatures
  A centaur simulacrum (D:12)
  A flying skull (Volcano)
  A vampire (Volcano)
  4 redbacks
  29 yaks
  7 shadows
  2 wraiths
  9 spriggans
  3 wyverns
  A human (D:8)
  A hog (D:8)
  Grum (D:9)
  2 golden eyes (Abyss:2)
  A chaos spawn (Abyss:2)
  A steam dragon (D:11)
  11 hippogriffs
  4 hungry ghosts
  29 vampire mosquitoes
  2 mottled dragons (D:10)
  6 wargs
  10 insubstantial wisps
  20 swamp worms
  A soldier ant (D:14)
  12 water moccasins
  11 porcupines
  33 orc warriors
  3 sky beasts
  11 wasps
  4 black bears
  3 ice beasts
  12 swamp drakes
  21 ogres
  11 wolves
  18 centaurs
  10 big kobolds
  10 crocodiles
  A gnoll sergeant (D:11)
  34 giant frogs
  A wyvern zombie (D:8)
  7 scorpions
  29 killer bees
  9 wights
  An electric eel (Lair:4)
  4 crimson imps
  A giant frog zombie (D:13)
  A quasit (D:13)
  2 centaur zombies
  2 jellies
  3 centaur skeletons
  25 orc priests
  5 hounds
  18 orc wizards
  14 iguanas
  7 hell rats (Lair:8)
  11 worker ants
  11 sheep
  A mummy (D:8)
  16 river rats
  15 adders
  5 gnolls
  3 shadow imps
  An ufetubus (Abyss:2)
  3 oozes
  2 adder zombies
  An adder skeleton (D:9)
  2 dart slugs
  4 giant geckos
  93 orcs
  6 giant cockroaches
  4 goblins
  4 hobgoblins
  4 jackals
  4 quokkas
  5 ball pythons
  2 bats (D:1)
  5 giant newts
  17 kobolds
  3 rats
  A fungus (Swamp:4)
953 creatures vanquished.

Vanquished Creatures (collateral kills)
  A minotaur (Lab)
  3 hydras
  4 death yaks
  A centaur zombie (D:10)
  2 spiny frogs
  3 blink frogs
  A yak (Lair:8)
  A swamp worm (Lair:4)
  A water moccasin (Lair:8)
  A porcupine (Lair:3)
  A crocodile (Lair:4)
  A hound (D:10)
  2 mummies (Volcano)
  6 river rats
  A giant eyeball (D:10)
  A fungus (Lair:5)
30 creatures vanquished.

Vanquished Creatures (others)
  2 alligators
  A spriggan (Swamp:1)
  A swamp drake (Swamp:3)
  A crimson imp (D:12)
  A briar patch (Swamp:3)
  34 fungi
  8 plants
  4 starspawn tentacles (Abyss:2)
  15 starspawn tentacle segments (Abyss:2)
67 creatures vanquished.

Grand Total: 1050 creatures vanquished

Notes
Turn   | Place    | Note
--------------------------------------------------------------
     0 | D:1      | Ebgish the Merfolk Ice Elementalist began the quest for the Orb.
     0 | D:1      | Reached XP level 1. HP: 13/13 MP: 3/3
    83 | D:1      | Reached XP level 2. HP: 18/20 MP: 1/5
    96 | D:1      | Learned a level 2 spell: Throw Frost
   706 | D:1      | Reached XP level 3. HP: 20/25 MP: 6/6
   997 | D:2      | Reached skill level 1 in Fighting
  1185 | D:2      | Found a faded altar to an unknown god.
  1250 | D:2      | Noticed Robin
  1266 | D:2      | Noticed Ijyb
  1309 | D:3      | Reached XP level 4. HP: 30/32 MP: 3/7
  1363 | D:3      | Gained mutation: You are resistant to hostile enchantments. [potion of beneficial mutation]
  1371 | D:3      | Reached skill level 1 in Armour
  1470 | D:3      | Found a shadowy altar of Dithmenos.
  1473 | D:3      | Found a blossoming altar of Fedhas.
  1516 | D:3      | Noticed donomii's ghost (amateur DsAK)
  2189 | D:4      | Reached XP level 5. HP: 24/38 MP: 1/9
  2358 | D:4      | Got a fine war axe
  2361 | D:4      | Identified the cursed +1 war axe "Wowaxoa" {chop, Str+2 Dex-3 SInv Stlth+} (You found it on level 4 of the Dungeon)
  2405 | D:4      | Found a white marble altar of Elyvilon.
  2407 | D:4      | Found a runed door.
  2407 | D:4      | Noticed an angel
  2418 | D:4      | Noticed an ogre
  2701 | D:5      | Entered Level 5 of the Dungeon
  2739 | D:5      | Found an opulent altar of Gozag.
  2890 | D:5      | Reached skill level 5 in Ice Magic
  2898 | D:5      | Learned a level 3 spell: Ozocubu's Armour
  2930 | D:5      | Reached XP level 6. HP: 26/44 MP: 6/10
  3393 | D:6      | Reached skill level 1 in Conjurations
  3394 | D:6      | HP: 2/44 [orc/flail (4)]
  3695 | D:6      | Reached skill level 1 in Polearms
  3778 | D:6      | Reached XP level 7. HP: 27/50 MP: 4/12
  3980 | D:6      | Reached skill level 1 in Shields
  4258 | D:6      | Got a bloodstained short sword
  4262 | D:6      | Identified the +5 short sword of Excruciating Pain {freeze, +Inv rPois Dex+4} (You found it on level 6 of the Dungeon)
  4360 | D:6      | Found Coiheul's Weapon Shop.
  4373 | D:6      | Found a staircase to the Ecumenical Temple.
  4383 | Temple   | Entered the Ecumenical Temple
  4433 | Temple   | Became a worshipper of Vehumet
  4634 | D:6      | Noticed Grinder
  4931 | D:7      | Reached XP level 8. HP: 41/57 MP: 3/14
  5295 | D:7      | Found a bloodstained altar of Trog.
  5827 | D:7      | Reached skill level 5 in Spellcasting
  5916 | D:7      | Reached skill level 5 in Dodging
  6001 | D:7      | Reached XP level 9. HP: 59/64 MP: 7/17
  6397 | D:8      | Reached * piety under Vehumet
  6397 | D:8      | Offered knowledge of Sandblast by Vehumet.
  6809 | D:8      | Lost mutation: You are resistant to hostile enchantments. [potion of cure mutation]
  7103 | D:8      | Found a snail-covered altar of Cheibriados.
  7572 | D:8      | Reached skill level 1 in Evocations
  8203 | D:7      | Reached XP level 10. HP: 64/73 MP: 3/20
  8338 | D:8      | Learned a level 4 spell: Throw Icicle
  8341 | D:8      | Learned a level 2 spell: Blink
  8344 | D:8      | Learned a level 2 spell: Repel Missiles
  8644 | D:8      | Offered knowledge of Flame Tongue by Vehumet.
  8650 | D:8      | Reached skill level 1 in Charms
  8857 | D:9      | Reached ** piety under Vehumet
  9065 | D:9      | Reached skill level 1 in Translocations
  9253 | D:9      | Noticed Grum
  9278 | D:9      | Killed Grum
  9366 | D:9      | Noticed Psyche
  9380 | D:9      | Killed Psyche
  9825 | D:9      | Found a white marble altar of Elyvilon.
  9888 | D:10     | Entered Level 10 of the Dungeon
  9999 | D:10     | Noticed a hill giant
 10040 | D:10     | Reached skill level 5 in Fighting
 10154 | D:10     | Offered knowledge of Throw Flame by Vehumet.
 10372 | D:10     | You fall through a shaft for 3 floors!
 10401 | D:13     | Reached XP level 11. HP: 73/79 MP: 18/22
 10579 | D:11     | Found a labyrinth entrance.
 10599 | D:11     | Reached *** piety under Vehumet
 10615 | Lab      | Entered a labyrinth
 11036 | Lab      | Killed an unseen horror
 11073 | Lab      | Noticed an unseen horror
 11097 | Lab      | Killed an unseen horror
 11097 | Lab      | Reached skill level 10 in Ice Magic
 11306 | Lab      | Noticed a minotaur
 11313 | Lab      | Learned a level 4 spell: Summon Ice Beast
 11335 | Lab      | Killed a minotaur
 11354 | Lab      | Identified the Grimoire of Scorching Combat Magic
 11360 | Lab      | Got a sheer robe
 11369 | Lab      | Identified the +1 robe "Jasuqaown" {rF- Regen+ MP+9 Str+4} (You found it in a labyrinth)
 11699 | D:11     | Found Potwum's Gadget Shop.
 11919 | D:11     | Found a staircase to the Orcish Mines.
 11948 | D:10     | Offered knowledge of Static Discharge by Vehumet.
 12055 | D:10     | Paralysed by a giant eyeball for 3 turns
 12061 | D:10     | Paralysed by a giant eyeball for 2 turns
 12063 | D:10     | Killed a hill giant
 12065 | D:10     | Paralysed by a giant eyeball for 2 turns
 12068 | D:10     | Paralysed by a giant eyeball for 4 turns
 12754 | D:11     | Reached XP level 12. HP: 87/87 MP: 24/25
 12996 | D:11     | Identified a +1 rod of clouds (11/11) (You found it in a labyrinth)
 13076 | D:11     | Found a staircase to the Lair.
 13385 | Lair:1   | Entered Level 1 of the Lair of Beasts
 13689 | D:6      | Bought the +8 trident of the Octopus King {venom, rElec rPois MR+} for 1020 gold pieces
 14547 | Lair:1   | Reached **** piety under Vehumet
 14547 | Lair:1   | Reached skill level 5 in Conjurations
 14715 | Lair:1   | Reached skill level 10 in Spellcasting
 15184 | Lair:2   | Noticed a six-headed hydra
 15409 | Lair:2   | Offered knowledge of Irradiate by Vehumet.
 15472 | Lair:2   | Gained mutation: Your spells are a little easier to cast, but a little less powerful. [potion of mutation]
 15472 | Lair:2   | Gained mutation: You have sharp fingernails. [potion of mutation]
 15472 | Lair:2   | Gained mutation: You are occasionally teleported next to monsters. [potion of mutation]
 15624 | Lair:2   | Killed a six-headed hydra
 15624 | Lair:2   | Reached skill level 5 in Armour
 15640 | Lair:2   | Lost mutation: You are occasionally teleported next to monsters. [potion of cure mutation]
 15640 | Lair:2   | Lost mutation: Your spells are a little easier to cast, but a little less powerful. [potion of cure mutation]
 15640 | Lair:2   | Lost mutation: You have sharp fingernails. [potion of cure mutation]
 16060 | Lair:3   | Noticed a death yak
 16061 | Lair:3   | Noticed a death yak
 16077 | Lair:3   | Noticed a death yak
 16078 | Lair:3   | Noticed a death yak
 16081 | Lair:3   | Killed a death yak
 16081 | Lair:3   | Reached skill level 1 in Summonings
 16118 | Lair:2   | Killed a death yak
 16209 | Lair:3   | Killed a death yak
 16209 | Lair:3   | Reached XP level 13. HP: 87/95 MP: 27/27
 16974 | Lair:3   | Reached skill level 5 in Polearms
 17685 | Lair:4   | Learned a level 5 spell: Irradiate
 17834 | Lair:4   | Reached ***** piety under Vehumet
 17845 | Lair:4   | Found an ancient bone altar of Kikubaaqudgha.
 17878 | Lair:4   | Offered knowledge of Freezing Cloud by Vehumet.
 17907 | Lair:4   | Learned a level 6 spell: Freezing Cloud
 18119 | Lair:4   | Found a staircase to the Swamp.
 18962 | Lair:5   | Reached skill level 1 in Air Magic
 19491 | Lair:6   | Found a dark tunnel.
 19497 | Volcano  | Entered a volcano
 19818 | Lair:6   | Found a hole to the Spider Nest.
 19840 | Lair:6   | Reached skill level 10 in Dodging
 19854 | Lair:6   | Noticed Oddball22's ghost (journeyman DsMo)
 20159 | Lair:6   | Found a snail-covered altar of Cheibriados.
 20250 | Lair:6   | Reached XP level 14. HP: 62/103 MP: 29/29
 21844 | Lair:8   | Entered Level 8 of the Lair of Beasts
 22015 | Lair:8   | Offered knowledge of Bolt of Cold by Vehumet.
 22203 | Lair:8   | Found a staircase to the Slime Pits.
 22203 | Lair:8   | Found a viscous altar of Jiyva.
 22335 | Lair:8   | Got a pitted trident
 22336 | Lair:8   | Identified the +5 trident of Gozag's Outrage {pierce, rF+ MR++ Str+2 Dex+2} (You found it on level 8 of the Lair of Beasts)
 22863 | Lair:8   | Learned a level 6 spell: Bolt of Cold
 22953 | Lair:8   | Offered knowledge of Bolt of Fire by Vehumet.
 22976 | Lair:8   | Reached XP level 15. HP: 80/112 MP: 30/30
 24932 | D:13     | Noticed Frances
 24942 | D:13     | Killed Frances
 25122 | D:13     | Found a gate to the Vaults.
 25194 | D:13     | Found a portal to a secret trove of treasure.
 25975 | D:13     | Reached skill level 10 in Polearms
 25998 | D:13     | Identified a +3 rod of clouds (14/14) (You found it on level 13 of the Dungeon)
 26033 | D:14     | Offered knowledge of Poison Arrow by Vehumet.
 26418 | D:14     | Found Huirphia's Gadget Boutique.
 27005 | D:15     | Entered Level 15 of the Dungeon
 27454 | D:15     | Found a staircase to the Depths.
 27638 | D:15     | Reached XP level 16. HP: 121/121 MP: 32/32
 28145 | Orc:1    | Entered Level 1 of the Orcish Mines
 28634 | Orc:2    | Entered Level 2 of the Orcish Mines
 28671 | Orc:2    | Reached ****** piety under Vehumet
 28808 | Orc:2    | Offered knowledge of Delayed Fireball by Vehumet.
 29068 | Orc:2    | Noticed Sonja
 29073 | Orc:2    | Killed Sonja
 29229 | Orc:1    | Found Daatat's Quality Used Wands.
 29295 | Orc:1    | Reached skill level 10 in Fighting
 29327 | Orc:2    | Reached skill level 5 in Air Magic
 29354 | Orc:2    | Found a staircase to the Elven Halls.
 29898 | Orc:2    | Found Feuhoe's Food Boutique.
 29910 | Orc:2    | Found Bujifik's Food Boutique.
 29912 | Orc:2    | Found Vipnyall's Armour Shop.
 29912 | Orc:2    | Found Neniuhik's Assorted Antiques.
 30187 | Swamp:1  | Entered Level 1 of the Swamp
 30201 | Lair:4   | Reached skill level 5 in Charms
 30748 | Swamp:1  | Offered knowledge of Conjure Ball Lightning by Vehumet.
 31062 | Swamp:2  | Noticed Roxanne
 31643 | Swamp:2  | Identified a +1 rod of inaccuracy (13/13) (You found it on level 2 of the Swamp)
 32077 | Swamp:3  | Noticed a thorn hunter
 32090 | Swamp:3  | Killed a thorn hunter
 32090 | Swamp:3  | Reached XP level 17. HP: 73/129 MP: 23/33
 32912 | Swamp:4  | Entered Level 4 of the Swamp
 32961 | Swamp:3  | Offered knowledge of Ozocubu's Refrigeration by Vehumet.
 32970 | Swamp:3  | Learned a level 6 spell: Ozocubu's Refrigeration
 33737 | Swamp:4  | Noticed Louise
 33768 | Swamp:4  | Cast into level 2 of the Abyss (Louise)
 33780 | Abyss:2  | Found a corrupted altar of Lugonu.
 33892 | Abyss:2  | Noticed a lich
 33904 | Abyss:2  | Noticed a tentacled starspawn
 34053 | Abyss:2  | Noticed a lich
 34055 | Abyss:2  | Noticed a tentacled starspawn
 34056 | Abyss:2  | Paralysed by accursed screaming for 1 turns
 34059 | Abyss:2  | HP: 6/130 [starcursed mass/accursed screaming (14)]
 34060 | Abyss:2  | Noticed a Brimstone Fiend
 34065 | Abyss:2  | Paralysed by accursed screaming for 2 turns
 34066 | Abyss:2  | Slain by a flying skull

Vault maps used:
D:1:      ncdulo_wetmaze
D:2:      first_bread, ecumenical_altar_2, uniq_iyjb, uniq_robin
D:3:      grunt_temple_overflow_open
D:4:      lemuel_angel_altar
D:5:      nicolae_gozag_seed_capital
D:6:      marbit_many_paths, kennysheep_mini_moat,
          minmay_temple_entry_glassed_door, serial_shops, shop, uniq_grinder
D:7:      kennysheep_little_box
D:8:      slow_altar_2, grunt_livestock
D:9:      old_standard_altar, uniq_grum, uniq_psyche
D:10:     onia_ninara_cookie
D:11:     erik_lair_dragon, kennysheep_orc_monster_closet_entryway,
          serial_shops, shop_statue, lab_entry_generic
D:12:     special_room
D:13:     cheibrodos_stairvault_heist, david_vaults_1, enter_trove_1,
          uniq_frances
D:14:     serial_shops, nicolae_shop_crystal, roderic_lattice_a
D:15:     hangedman_depths_entry_civil_slaughter, hex_medium,
          nicolae_two_hexagons
Temple:   zaba_magenta_temple_12
Lair:1:   beast_lair_carwin_3
Lair:3:   lemuel_fruit_tree
Lair:4:   nicolae_swamp_entry_splash_gauntlet, basic_altar
Lair:6:   spider_nest_entry_webs, enter_volcano_1, kennysheep_snail_temple
Lair:7:   grunt_megastairs_4
Lair:8:   grunt_lair_end_beastmaster, slime_altar_1, grunt_megastairs_1
Swamp:1:  serial_swamp_ruin, evilmike_swamp_ruin_house_2,
          evilmike_swamp_ruin_house_1, swamp_pool2
Swamp:2:  evilmike_swamp_ruin_house_4, uniq_roxanne
Swamp:3:  nicolae_swamp_very_dense_foliage, swamp_pool1,
          nicolae_swamp_snake_nest
Swamp:4:  grunt_swamp_rune_castle, uniq_louise
Orc:1:    nicolae_orc_stony_grotto, nicolae_for_you_no_charge
Orc:2:    st_orc_pillars, uniq_sonja
Lab:      nicolae_lab_t_cross, nicolae_lab_checkerboard, nicolae_lab_grate_2,
          nicolae_lab_x, nicolae_lab_arrow, labyrinth_skeletal_remains,
          lab_statue, lab_block, nicolae_lab_lava, nicolae_lab_quarters,
          nicolae_lab_blocks, labyrinth_fake_exit, labyrinth_glass_1
Volcano:  volcano_tomb

Skill      XL: |  1  2  3  4  5  6  7  8  9 10 11 12 13 14 15 16 17 |
---------------+----------------------------------------------------+-----
Ice Magic      | 4 5 6 7 8 9 10 11 12 13 14 | 14.1
Fighting       | 1 2 3 4 5 6 7 8 9 10 | 10.8
Dodging        | 3 4 5 7 8 9 10 11 12 14 | 14.8
Armour         | 1 2 3 4 5 6 7 |  7.8
Spellcasting   | 3 4 5 6 7 9 10 11 12 13 | 13.1
Conjurations   | 1 2 3 4 5 6 7 8 9 |  9.0
Polearms       | 1 2 4 6 8 10 11 | 11.2
Shields        | 1 2 3 4 |  4.4
Evocations     | 1 |  1.2
Charms         | 2 3 4 5 |  5.3
Translocations | 1 3 |  3.5
Summonings     | 1 2 |  2.8
Air Magic      | 1 3 4 5 6 |  6.1
Stealth        | |  2.1

Action                   |  1- 3 |  4- 6 |  7- 9 | 10-12 | 13-15 | 16-18 || total
-------------------------+-------+-------+-------+-------+-------+-------++-------
Melee: Dagger            |    59 |       |       |       |       |       ||    59
       Whip              |       |    12 |       |       |       |       ||    12
       Short sword       |       |     2 |    13 |   418 |       |       ||   433
       War axe           |       |    19 |    84 |     6 |       |       ||   109
       Trident           |       |       |       |   153 |  1660 |  1123 ||  2936
Throw: Stone             |     1 |       |       |       |       |       ||     1
       Tomahawk          |       |     3 |       |       |       |       ||     3
       Javelin           |       |       |       |     1 |       |       ||     1
 Cast: Freeze            |    24 |    55 |   146 |   272 |    36 |       ||   533
       Throw Frost       |     3 |     7 |    53 |   121 |    17 |       ||   201
       Ozocubu's Armour  |       |       |     2 |    62 |   127 |    74 ||   265
       Throw Icicle      |       |       |       |    65 |    64 |   120 ||   249
       Repel Missiles    |       |       |       |     4 |     2 |       ||     6
       Blink             |       |       |       |     2 |    30 |    14 ||    46
       Summon Ice Beast  |       |       |       |    17 |    85 |       ||   102
       Freezing Cloud    |       |       |       |       |     7 |    22 ||    29
       Bolt of Cold      |       |       |       |       |    18 |    38 ||    56
       Irradiate         |       |       |       |       |     1 |       ||     1
       Ozocubu's Refrige |       |       |       |       |       |     6 ||     6
Evoke: Wand              |       |     2 |    14 |     5 |     1 |       ||    22
  Use: Potion            |     3 |     4 |     6 |     7 |     3 |     6 ||    29
       Scroll            |     2 |     8 |     8 |    10 |    11 |     4 ||    43
 Stab: Sleeping          |     4 |     2 |     3 |    10 |    17 |     2 ||    38
       Distracted        |       |       |     1 |     1 |     9 |     1 ||    12
       Held in net/web   |       |       |       |       |     1 |       ||     1
       Petrifying        |       |       |       |       |     1 |       ||     1
  Eat: Chunk             |     2 |     7 |    13 |    31 |    44 |    29 ||   126
       Beef jerky        |       |     1 |       |     2 |     2 |       ||     5
       Pizza             |       |       |     1 |       |     1 |     1 ||     3
       Fruit             |       |       |       |     4 |       |       ||     4
       Meat ration       |       |       |       |       |     1 |     1 ||     2
       Bread ration      |       |       |       |       |     1 |     4 ||     5
